 Dungeon Crawl Stone Soup version 0.30.1-4-g462c640d31 (webtiles) character file.

Game seed: 17258455045056747093

2518 squipdi the Covered (level 9, -1/79 HPs)
             Began as an Armataur Fighter on Aug 27, 2023.
             Was a Believer of Qazlal.
             Succumbed to a killer bee's poison
             ... on level 8 of the Dungeon.
             The game lasted 00:20:41 (5858 turns).

squipdi the Covered (Armataur Fighter)              Turns: 5858, Time: 00:20:41

Health: -1/79      AC: 11    Str: 27    XL:     9   Next: 29%
Magic:  0/9        EV:  5    Int:  8    God:    Qazlal [**....]
Gold:   462        SH:  7    Dex:  9    Spells: 8/8 levels left

rFire   . . .        a - +0 war axe (flame)
rCold   . . .        c - +0 buckler
rNeg    . . .        y - +0 plate armour
rPois   .            (no helmet)
rElec   .            (no cloak)
rCorr   .            (no gloves)
SInv    .            (no barding)
Will    .....        w - amulet of guardian spirit Stlth
                     (no ring)
HPRegen 0.33/turn    (no ring)
MPRegen 0.11/turn

%: guardian spirit, roll
@: lethally poisoned (-1 -> -23)
A: large, rugged brown scales 3, deformed body, armoured tail, roll, long
tongue, awkward tongue
a: Renounce Religion, Upheaval


You were on level 8 of the Dungeon.
You worshipped Qazlal.
Qazlal was pleased with you.
You visited 1 branch of the dungeon, and saw 8 of its levels.

You collected 462 gold pieces.

Inventory:

Hand Weapons
 a - a +0 war axe of flaming (weapon)
 d - a +0 hand axe of venom
Missiles
 j - a curare-tipped dart
 x - 25 stones (quivered)
Armour
 b - a +1 scale mail
 c - a +0 buckler (worn)
 y - a +0 plate armour (worn)
Magical Staves
 A - the staff of air "Cijiufiz" {Fragile rElec rN+ Int+4}
   (You found it on level 6 of the Dungeon)

   [staff of air]

   Base accuracy: +5 Base damage: 5 Base attack delay: 1.2 This weapon's minimum
   attack delay (0.6) is reached at skill level 12.
   Int:       It affects your intelligence (+4).
   rElec:     It insulates you from electricity.
   rN:        It protects you from negative energy.
   Fragile:   It will be destroyed if unequipped.
   It falls into the 'Staves' category.
   It is a one-handed weapon.
Jewellery
 o - a ring of protection from fire
 w - an amulet of guardian spirit (around neck)
Wands
 e - a wand of roots (9)
 k - a wand of flame (45)
 n - a wand of polymorph (6)
 q - a wand of quicksilver (11)
Scrolls
 i - 3 scrolls of amnesia
 m - 9 scrolls of teleportation
 p - a scroll of magic mapping
 r - a scroll of acquirement {unknown}
 B - a scroll of identify
Potions
 g - 2 potions of mutation {unknown}
 h - 2 potions of flight
 l - 4 potions of haste
 s - a potion of degeneration {unknown}
 t - a potion of resistance {unknown}
 u - a potion of ambrosia {unknown}
 v - a potion of brilliance {unknown}
 z - 2 potions of might


   Skills:
 + Level 5.2 Fighting
 + Level 7.0 Axes
 + Level 1.7 Throwing
 + Level 7.6 Armour
 + Level 1.8 Dodging
 + Level 2.4 Stealth
 + Level 5.7 Shields
 + Level 0.2 Evocations


You had 8 spell levels left.
You didn't know any spells.
Your spell library was empty.

Dungeon Overview and Level Annotations

Branches:
Dungeon (8/15)             Temple (0/1) D:6
   Lair: D:8-11

Altars:
Hepliaklqana
Qazlal
Uskayaw
Vehumet
Zin
The Shining One


Innate Abilities, Weirdness & Mutations

You are completely covered in rugged brown scales. (AC +3, +7% HP)
Armour fits poorly on your strangely shaped body.
You have a long armoured tail.
You roll when moving toward enemies. (Rampage)
Your long tongue fully drains potion bottles. (2x potion effects)
Your tongue gives you trouble enunciating. (1.5x scroll delay)


Message History

The killer bee stings you but does no damage. x2
You slash the killer bee! You burn the killer bee.
The killer bee is heavily wounded.
You closely miss the bullfrog. You barely miss the killer bee. x2
You feel very sick.
The killer bee stings you but does no damage.
You block the killer bee's attack. x2; You block the bullfrog's attack.
The killer bee barely misses you.
The killer bee stings you but does no damage.
The killer bee stings you!
* * * LOW HITPOINT WARNING * * *
The bullfrog hits you but does no damage.
You closely miss the killer bee.
The killer bee is severely wounded.
You miss the killer bee. You barely miss the bullfrog.
You slash the killer bee! You burn the killer bee.
* * * LOW HITPOINT WARNING * * *
You feel very sick. The killer bee stings you.
* * * LOW HITPOINT WARNING * * *
The killer bee barely misses you. You block the killer bee's attack.
You block the bullfrog's attack. You block the killer bee's attack.
The killer bee barely misses you.
The killer bee stings you but does no damage.
The bullfrog hits you but does no damage.
The killer bee stings you.
* * * LOW HITPOINT WARNING * * *
The killer bee stings you.
* * * LOW HITPOINT WARNING * * *
You are more poisoned.
The killer bee poisons you! The killer bee stings you.
* * * LOW HITPOINT WARNING * * *
You closely miss the killer bee.
The killer bee is severely wounded.
You hit the killer bee but do no damage.
You barely miss the bullfrog. You hit the killer bee. You burn the killer bee.
You kill the killer bee!
Qazlal accepts your kill.
You can now call upon nature to destroy your foes.
You die...

### ..# . #.#
.. ##.## .[.
#... ....##y.#
......F@#######
#.####†y......#
#...####.#
#.#.# ...#.#
#.##.#.# #
#.#[# #.#.#
#.#.#


You could see a bullfrog and 2 killer bees.

Vanquished Creatures
  An acid dragon (D:7)
  2 water moccasins
  An orc warrior (D:6)
  3 ice beasts
  4 sky beasts
  A centaur (D:5)
  A phantom (D:5)
  2 kobold brigands (D:6)
  A bullfrog (D:6)
  2 scorpions
  3 killer bees (D:8)
  4 jellies
  2 orc priests (D:4)
  4 hounds
  A gnoll bouda (D:6)
  5 iguanas
  Ijyb (D:4)
  6 orc wizards
  4 gnolls (D:3)
  10 adders
  2 white imps
  An ufetubus (D:5)
  2 worms
  3 dart slugs
  21 orcs
  3 endoplasms
  2 giant cockroaches
  7 goblins
  5 hobgoblins
  10 jackals
  14 kobolds
  3 quokkas
  7 ball pythons
  6 bats
  2 frilled lizards (D:3)
  8 rats
154 creatures vanquished.

Notes
Turn   | Place    | Note
-------+----------+-------------------------------------------
     0 | D:1      | squipdi the Armataur Fighter began the quest for the Orb.
     0 | D:1      | Reached XP level 1. HP: 19/19 MP: 1/1
   119 | D:1      | Reached XP level 2. HP: 15/26 MP: 2/2
   502 | D:2      | Reached XP level 3. HP: 33/33 MP: 3/3
   714 | D:2      | Found a faded altar of an unknown god.
   824 | D:2      | Identified the +1 pair of gloves of Springtime {Regen+
                  | Int+4}
   907 | D:2      | Reached XP level 4. HP: 39/40 MP: 4/4
  1139 | D:3      | Reached skill level 5 in Armour
  1279 | D:3      | Found a hide-covered altar of Uskayaw.
  1283 | D:3      | Reached XP level 5. HP: 34/48 MP: 5/5
  1939 | D:4      | Noticed Ijyb
  1948 | D:4      | Killed Ijyb
  2115 | D:4      | Reached skill level 1 in Throwing
  2115 | D:4      | Reached XP level 6. HP: 51/54 MP: 6/6
  2212 | D:4      | Found a radiant altar of Vehumet.
  2775 | D:5      | Entered Level 5 of the Dungeon
  2993 | D:5      | Found a stormy altar of Qazlal.
  2993 | D:5      | Noticed a sky beast
  3000 | D:5      | Killed a sky beast
  3001 | D:5      | Reached skill level 1 in Stealth
  3001 | D:5      | Reached XP level 7. HP: 55/60 MP: 7/7
  3009 | D:5      | Became a worshipper of Qazlal Stormbringer
  3045 | D:5      | Reached skill level 1 in Dodging
  3525 | D:5      | Reached skill level 5 in Axes
  3663 | D:5      | Found a glowing silver altar of Zin.
  3810 | D:5      | Reached XP level 8. HP: 70/70 MP: 8/8
  4149 | D:6      | Reached skill level 5 in Shields
  4283 | D:6      | Reached * piety under Qazlal
  4459 | D:6      | Found a staircase to the Ecumenical Temple.
  4812 | D:6      | Reached XP level 9. HP: 43/78 MP: 4/9
  4851 | D:6      | Identified the staff of air "Cijiufiz" {Fragile rElec rN+
                  | Int+4}
  5060 | D:6      | Found a hazy altar of Hepliaklqana.
  5225 | D:6      | Reached skill level 5 in Fighting
  5624 | D:7      | Found a glowing golden altar of the Shining One.
  5858 | D:8      | Reached ** piety under Qazlal
  5858 | D:8      | Succumbed to a killer bee's poison

Illustrated notes

Levels and vault maps discovered:
D:1:      spicycebolla_green_bress_n_ham, layout_rooms,
          chequers_serial_rivers_small_b
D:2:      layout_basic, hellmonk_ecumenical_altar_dog_temple
D:3:      layout_rooms, nicolae_uskayaw_dance_hall, minmay_strange_pillars,
          corexii_item_surrounded_by_moat, kennysheep_generic_room_16
D:4:      layout_loops_corners, vehumet_altar_wand_db, uniq_ijyb
D:5:      layout_basic, zin_treasury, nicolae_qazlal_beasts_of_the_sky
D:6:      minmay_clustersquares, layout_basic, kennysheep_mini,
          minmay_temple_entry_trees
D:7:      layout_basic, mainiacjoe_overflow_alcove_1
D:8:      layout_basic, serial_shops, nicolae_square_shop, uniq_joseph,
          uniq_psyche

Skill      XL: |  1  2  3  4  5  6  7  8  9 |
---------------+----------------------------+-----
Armour         | 4 5 6 7 |  7.6
Fighting       | 3 4 5 |  5.2
Axes           | 2 3 4 5 6 7 |  7.0
Throwing       | 1 |  1.7
Stealth        | 1 2 |  2.4
Shields        | 4 5 |  5.7
Dodging        | 1 |  1.8
Evocations     | |  0.2

Action                     |  1- 3 |  4- 6 |  7- 9 || total
---------------------------+-------+-------+-------++-------
  Melee: War axe           |    73 |   133 |   201 ||   407
         Tailslap          |     6 |    20 |    20 ||    46
  Throw: Stone             |       |    43 |     9 ||    52
         Throwing net      |       |     1 |       ||     1
         Dart              |       |       |     1 ||     1
  Evoke: Wand              |       |     1 |       ||     1
    Use: Scroll            |     7 |     3 |       ||    10
         Potion            |       |     1 |     7 ||     8
 Armour: Scale mail        |    48 |    95 |    82 ||   225
         Plate armour      |       |       |    54 ||    54
  Dodge: Dodged            |    34 |    42 |    90 ||   166
  Block: Buckler           |    11 |    43 |    81 ||   135
